 Dungeon Crawl Stone Soup version 0.29-a0-757-g358383bc75 (webtiles) character file.

Game seed: 1264451323714067742

12406 DuloT34 the Fighter (level 11, -22/63 HPs)
             Began as a Vine Stalker Brigand on June 30, 2022.
             Was a High Priest of Okawaru.
             Annihilated by Rupert
             ... wielding a +2 great mace of protection
              (25 damage)
             ... on level 3 of the Lair of Beasts.
             The game lasted 00:31:39 (12185 turns).

DuloT34 the Fighter (Vine Stalker Brigand)         Turns: 12185, Time: 00:31:39

Health: -22/63     AC: 12    Str: 19    XL:     11   Next: 92%
Magic:  0/18       EV: 17    Int: 15    God:    Okawaru [*****.]
Gold:   334        SH:  0    Dex: 19    Spells: 11/18 levels left

rFire   . . .      SeeInvis .   F - +5 short sword (elec)
rCold   . . .      Faith    .   T - +0 kite shield
rNeg    . . .      Spirit   +   p - +2 robe of Bujongen {rElec Str+4 Int-2}
rPois   .          Reflect  .   C - +0 helmet
rElec   +          Harm     .   c - +0 cloak
rCorr   .          Rampage  .   (no gloves)
Will    +....                   a - +0 pair of boots
Stlth   ++........              i - amulet of the acrobat
HPRegen 1.00/turn               O - +4 ring of protection
MPRegen 0.16/turn               K - +6 ring of intelligence

@: confused, heroic, finesse-ful, studying Shields
A: fangs 3, regeneration 1, magic shield, antimagic bite, no potion heal 2
a: Renounce Religion, Heroism, Finesse, Duel


You were on level 3 of the Lair of Beasts.
You worshipped Okawaru.
Okawaru was extremely pleased with you.
You visited 3 branches of the dungeon, and saw 13 of its levels.
You also visited: Sewer and Bailey.

You collected 532 gold pieces.
You spent 198 gold pieces at shops.

Inventory:

Hand Weapons
 k - a +1 short sword of speed
 F - a +5 short sword of electrocution (weapon)
 L - the +9 executioner's axe of Juepoq {vorpal, rC+}
   (You found it in a bailey)

   It inflicts extra damage upon your enemies.
   rC:        It protects you from cold.
Armour
 a - a +0 pair of boots (worn)
 b - a +0 robe
 c - a +0 cloak (worn)
 g - a +0 buckler
 p - the +2 robe of Bujongen (worn) {rElec Str+4 Int-2}
   (You found it on level 6 of the Dungeon)

   Str:       It affects your strength (+4).
   Int:       It affects your intelligence (-2).
   rElec:     It insulates you from electricity.
 t - the +1 robe of the Engineer {Int+4}
   (You bought it in a shop on level 4 of the Dungeon)

   Int:       It affects your intelligence (+4).
 C - a +0 helmet (worn)
 T - a +0 kite shield (worn)
Jewellery
 f - a ring of protection from fire
 i - an amulet of the acrobat (around neck)
 w - a ring of positive energy
 D - a ring of protection from cold
 K - a +6 ring of intelligence (right hand)
 M - a ring of protection from cold
 N - a ring of protection from fire
 O - a +4 ring of protection (left hand)
 U - a ring of ice
 V - a +6 ring of strength
Wands
 d - a wand of charming (4)
 s - a wand of light (18)
 J - a wand of polymorph (2)
 W - a wand of mindburst (3)
Scrolls
 h - a scroll of noise
 j - 3 scrolls of fear
 n - 8 scrolls of teleportation
 q - a scroll of enchant armour
 x - a scroll of summoning
 B - 3 scrolls of blinking
 I - a scroll of brand weapon
 P - 5 scrolls of identify
 Q - 2 scrolls of vulnerability {unknown}
 R - a scroll of fog
 S - 2 scrolls of magic mapping {unknown}
Potions
 e - a potion of berserk rage
 l - a potion of cancellation {unknown}
 m - a potion of lignification {unknown}
 o - 5 potions of attraction
 r - a potion of flight
 u - a potion of magic {unknown}
 v - 6 potions of curing
 z - 2 potions of might
 A - 3 potions of brilliance
 E - 2 potions of haste {unknown}
 G - a potion of mutation {unknown}
 H - 3 potions of heal wounds {unknown}


   Skills:
 - Level 10.0(15.0) Fighting
 + Level 9.9(14.9) Short Blades
 - Level 1.7(6.7) Throwing
 - Level 3.0(8.0) Armour
 - Level 5.0(10.0) Dodging
 - Level 4.8(9.8) Stealth
 + Level 6.1(11.1) Shields
 - Level 4.0 Spellcasting
 - Level 5.0 Invocations


You had 11 spell levels left.
You knew the following spells:

 Your Spells              Type           Power      Damage    Failure   Level
a - Blink                 Tloc           6%         N/A       50%         2
b - Manifold Assault      Tloc           3%         N/A       100%        5

Your spell library contained the following spells:

 Spells                   Type           Power      Damage    Failure   Level
 Apportation              Tloc           6%         N/A       36%         1
 Foxfire                  Conj/Fire      12%        2x1d4     36%         1
 Shock                    Conj/Air       12%        1d3       36%         1
 Static Discharge         Conj/Air       3%         N/A       50%         2
 Conjure Flame            Conj/Fire      3%         6-21      75%         3
 Gell's Gravitas          Tloc           3%         N/A       75%         3
 Ignite Poison            Fire/Tmut/Pois 3%         N/A       75%         3
 Inner Flame              Hex/Fire       3%         N/A       75%         3
 Mephitic Cloud           Conj/Pois/Air  3%         N/A       75%         3
 Swiftness                Air            3%         N/A       75%         3
 Teleport Other           Tloc           3%         N/A       75%         3
 Airstrike                Air            1%         N/A       98%         4
 Cause Fear               Hex            1%         N/A       98%         4
 Flame Wave               Conj/Fire      3%         2d4       98%         4
 Passage of Golubria      Tloc           3%         N/A       98%         4
 Alistair's Intoxication  Tmut/Pois      2%         N/A       100%        5
 Freezing Cloud           Conj/Ice/Air   1%         6-21      100%        5
 Lightning Bolt           Conj/Air       1%         1d12      100%        5
 Silence                  Hex/Air        1%         N/A       100%        5
 Dispersal                Tloc           1%         N/A       100%        6
 Storm Form               Tmut/Air       1%         N/A       100%        7
 Discord                  Hex            1%         N/A       100%        8
 Lehudib's Crystal Spear  Conj/Erth      1%         10d2      100%        8
 Maxwell's Capacitive Co  Air            1%         ∞         100%        8


Dungeon Overview and Level Annotations

Branches:
Dungeon (9/15)             Temple (1/1) D:7            Lair (3/6) D:9
 Shoals (0/4) Lair:2       Spider (0/4) Lair:2        Sewer (visited)
 Bailey (visited)
    Orc: D:9-12

Altars:
Ashenzari
Cheibriados
Fedhas
Hepliaklqana
Makhleb
Okawaru
Qazlal
Ru
Sif Muna
Trog
Vehumet
Wu Jian
Xom
Yredelemnul
Zin
The Shining One

Shops:
D:4 [   D:7 ?=(*

Annotations:
D:9 3 runed translucent doors, initializr's ghost, journeyman GrEE
Lair:1 1 runed translucent door, Zebulonius's ghost, journeyman MiFi
Lair:3 Rupert


Innate Abilities, Weirdness & Mutations

You have razor-sharp teeth.
Your natural rate of healing is unusually fast.
When hurt, damage is shared between your health and your magic reserves.
Your bite disrupts and absorbs the magic of your enemies.
Potions cannot restore your health.


Message History

You barely miss Rupert. You bite Rupert. You drain his power.
You feel invigorated.
Rupert is heavily wounded.
You hit Rupert but do no damage.
Rupert is heavily wounded.
Rupert hits you with a +2 great mace of protection!!
You hit Rupert but do no damage.
Rupert is heavily wounded.
You hit Rupert but do no damage. You bite Rupert. You drain his power.
You feel invigorated.
Rupert is severely wounded.
Okay, then.
You hit Rupert but do no damage. You bite Rupert, but do no damage.
Rupert is severely wounded.
Rupert yells loudly at you.
You are confused.
Okay, then.
Okay, then.
You closely miss Rupert. You bite Rupert, but do no damage.
Rupert is heavily wounded.
Rupert hits you with a +2 great mace of protection!!
* * * LOW HITPOINT WARNING * * *
You are too confused!
Okay, then.
You are too confused!
You throw a poisoned dart.
Rupert roars madly and goes into a rage!
Rupert goes berserk!
You see here a pink potion.
Rupert barely misses you.
You puncture Rupert! Lightning courses through Rupert! You bite Rupert.
You drain his power.
You feel invigorated.
Rupert is severely wounded.
You hit Rupert but do no damage. You bite Rupert, but do no damage.
Rupert is severely wounded.
Rupert hits you with a +2 great mace of protection!
* * * LOW HITPOINT WARNING * * *
You're too confused to move!
Rupert hits you with a +2 great mace of protection!!
You die...

....................
....................
.....######.........
.....#####........P
.....#.....#.....####
...........#......#.#
.....##..........#.#
..................#
.....##....#....@P#
....#PP##...@.##
...!.P. #.....(#
...(................
....................
...................
...................
..................
..................


You could see Rupert (berserk).

Vanquished Creatures
  A hydra (Lair:2)
  2 orc knights (Bailey)
  6 cane toads
  Prince Ribbit (Lair:1)
  7 blink frogs
  A hornet (D:9)
  Sigmund (D:2)
  2 jumping spiders (Lair:2)
  A wyvern (Lair:1)
  11 yaks
  A steam dragon (D:6)
  A redback (Lair:2)
  An acid dragon (D:8)
  5 water moccasins
  Pargi (Sewer)
  10 orc warriors
  2 sky beasts
  4 ogres
  4 wolves (Lair:2)
  2 centaurs (D:9)
  5 bullfrogs
  3 gnoll sergeants
  3 scorpions
  4 wights (D:7)
  7 killer bees
  2 electric eels
  A howler monkey (D:7)
  4 hounds
  4 jellies
  An iron imp (D:9)
  2 orc priests
  Jessica (D:2)
  4 iguanas
  7 orc wizards
  16 adders
  17 gnolls
  A white imp (D:7)
  2 ufetubi
  3 dart slugs
  33 orcs
  6 endoplasms
  6 giant cockroaches
  8 goblins
  10 hobgoblins
  4 jackals (D:4)
  11 kobolds
  6 quokkas
  6 ball pythons
  11 bats
  2 frilled lizards
  5 rats
259 creatures vanquished.

Vanquished Creatures (others)
  A wizard (D:5)
  4 fungi
  24 plants
29 creatures vanquished.

Grand Total: 288 creatures vanquished

Notes
Turn   | Place    | Note
-------+----------+-------------------------------------------
     0 | D:1      | DuloT34 the Vine Stalker Brigand began the quest for the
                  | Orb.
     0 | D:1      | Reached XP level 1. HP: 11/11 MP: 2/2
   182 | D:1      | Reached skill level 2 in Fighting
   278 | D:1      | Reached XP level 2. HP: 11/15 MP: 1/3
  1191 | D:2      | Reached XP level 3. HP: 16/19 MP: 2/4
  1600 | D:2      | Gained mutation: Your natural rate of healing is unusually
                  | fast. [Vine Stalker growth]
  1600 | D:2      | Reached XP level 4. HP: 23/23 MP: 5/5
  1610 | D:2      | Reached skill level 3 in Fighting
  1672 | D:2      | Learned a level 2 spell: Blink
  1679 | D:2      | Noticed Jessica
  1682 | D:2      | Killed Jessica
  1720 | D:2      | Reached XP level 5. HP: 23/28 MP: 3/6
  1759 | D:2      | Noticed Sigmund
  1800 | D:2      | Killed Sigmund
  1801 | D:2      | Reached skill level 4 in Fighting
  1801 | D:2      | Reached XP level 6. HP: 34/34 MP: 7/7
  2194 | D:3      | Found a faded altar of an unknown god.
  2244 | D:3      | Reached XP level 7. HP: 33/38 MP: 6/8
  2527 | D:3      | Reached skill level 5 in Fighting
  2552 | D:3      | Reached skill level 5 in Short Blades
  3102 | D:3      | Reached skill level 1 in Shields
  3491 | D:4      | Found Foamp's Antique Armour Shoppe.
  3579 | D:4      | Gained mutation: You have razor-sharp teeth. [Vine Stalker
                  | growth]
  3579 | D:4      | Reached XP level 8. HP: 38/44 MP: 6/9
  3827 | D:4      | You fall into a shaft and drop 2 floors!
  4007 | D:6      | Found a glowing drain.
  4012 | Sewer    | Entered a sewer
  4015 | Sewer    | Noticed Pargi
  4022 | Sewer    | Killed Pargi
  4292 | D:6      | Reached skill level 6 in Fighting
  4298 | D:6      | Identified the +2 robe of Bujongen {rElec Str+4 Int-2}
  4364 | D:6      | Learned a level 5 spell: Manifold Assault
  4433 | D:5      | Entered Level 5 of the Dungeon
  4599 | D:5      | Found a radiant altar of Vehumet.
  4831 | D:5      | Found a bloodstained altar of Trog.
  4833 | D:5      | Noticed a wizard
  4838 | D:5      | Killed a wizard
  6275 | D:6      | Found a shimmering blue altar of Sif Muna.
  6371 | D:6      | Reached XP level 9. HP: 49/49 MP: 10/10
  6527 | D:7      | Found Ufucka's Assorted Antiques.
  6582 | D:7      | Reached skill level 1 in Dodging
  6593 | D:7      | Reached skill level 7 in Fighting
  6593 | D:7      | Reached skill level 1 in Spellcasting
  6618 | D:7      | Found Umafelet's Jewellery Boutique.
  6709 | D:7      | Found a staircase to the Ecumenical Temple.
  6731 | Temple   | Entered the Ecumenical Temple
  6882 | Temple   | Became a worshipper of Warmaster Okawaru
  6994 | D:7      | Found Rijapt's Antique Weapon Shop.
  7143 | D:4      | Bought an opalescent robe for 176 gold pieces
  7143 | D:4      | Identified the +1 robe of the Engineer {Int+4} (You bought
                  | it in a shop on level 4 of the Dungeon)
  7266 | D:7      | Found Taaskeow's Magic Scroll Shoppe.
  7271 | D:7      | Bought a scroll of identify for 22 gold pieces
  7816 | D:8      | Found a flagged portal.
  7825 | Bailey   | Entered a bailey
  7900 | Bailey   | Reached * piety under Okawaru
  7987 | Bailey   | Noticed an orc knight
  7987 | Bailey   | Noticed an orc knight
  8031 | Bailey   | Killed an orc knight
  8032 | Bailey   | Reached skill level 8 in Fighting
  8032 | Bailey   | Reached XP level 10. HP: 56/56 MP: 13/17
  8041 | Bailey   | Killed an orc knight
  8041 | Bailey   | Reached ** piety under Okawaru
  8320 | Bailey   | Identified the +9 executioner's axe of Juepoq {vorpal, rC+}
  8581 | D:8      | Reached skill level 5 in Dodging
  8630 | D:8      | Reached skill level 9 in Fighting
  8949 | D:8      | Found a blossoming altar of Fedhas.
  9191 | D:9      | Found a runed translucent gate.
  9193 | D:9      | Found a runed translucent gate.
  9193 | D:9      | Found a runed translucent gate.
  9193 | D:9      | Noticed a ten-headed hydra
  9194 | D:9      | Noticed an 11-headed hydra
  9195 | D:9      | Noticed initializr's ghost (journeyman GrEE)
  9220 | D:9      | Reached skill level 1 in Invocations
  9224 | D:9      | Reached *** piety under Okawaru
  9288 | D:9      | Reached skill level 10 in Fighting
  9554 | D:9      | Found a sacrificial altar of Ru.
  9604 | D:9      | Found a snail-covered altar of Cheibriados.
  9698 | D:9      | Reached skill level 5 in Invocations
  9698 | D:9      | Reached XP level 11. HP: 63/63 MP: 18/18
  9729 | D:9      | Found a hazy altar of Hepliaklqana.
  9823 | D:9      | Found a staircase to the Lair.
 10124 | Lair:1   | Entered Level 1 of the Lair of Beasts
 10190 | Lair:1   | Found a runed translucent door.
 10190 | Lair:1   | Found a shimmering altar of Xom.
 10190 | Lair:1   | Noticed Zebulonius's ghost (journeyman MiFi)
 10191 | Lair:1   | Noticed a +2 halberd of chaos
 10239 | Lair:1   | Reached skill level 1 in Armour
 10328 | Lair:1   | Reached **** piety under Okawaru
 10401 | Lair:1   | Noticed Prince Ribbit
 10435 | Lair:1   | Killed Prince Ribbit
 11017 | Lair:2   | Found a staircase to the Shoals.
 11075 | Lair:2   | Reached skill level 5 in Shields
 11154 | Lair:2   | Found a hole to the Spider Nest.
 11225 | Lair:2   | Reached ***** piety under Okawaru
 11341 | Lair:2   | Noticed a four-headed hydra
 11363 | Lair:2   | Killed a four-headed hydra
 12144 | Lair:3   | Noticed Rupert
 12155 | Lair:3   | Paralysed by Rupert for 4 turns
 12184 | Lair:3   | HP: 2/63 [Rupert/+2 great mace of protection (6)]
 12185 | Lair:3   | Annihilated by Rupert

Illustrated notes

Levels and vault maps discovered:
D:1:      psy_arrival_terrarium, layout_basic
D:2:      layout_basic, uniq_sigmund, uniq_jessica
D:3:      cheibrodos_old_hovel, layout_basic,
          hellmonk_ecumenical_altar_heavens_door, serial_bayou_pond_c,
          minmay_fractal_squares_gapless_5
D:4:      cheibrodos_helix_gallery, layout_loops_ring, serial_shops,
          shop_fountains
D:5:      nicolae_cairo_tiling, layout_loops_ring, trog_wizard,
          lemuel_doored_altar, serial_glass, glass_columns_a, glass_columns_b,
          minmay_misc_feat_enclosed, hangedman_abyss_or_decor_lesser_grid,
          roderic_lattice_a
D:6:      layout_loops_ring, led_sif_book, gup_sewer_entry_bowl
D:7:      layout_loops_ring, minmay_temple_entry_antechambers, serial_shops,
          nicolae_stop_n_shop_2, nicolae_shop_crystal,
          nicolae_shop_temple_entry_statues_fountains, kennysheep_mini,
          serial_park_tiny_1
D:8:      nicolae_BIG_FREAKIN_CUBE, layout_gridville, fedhas_altar_1,
          enter_bailey_3
D:9:      layout_irregular_city, mainiacjoe_overflow_surrounded_room,
          general_overflow_altar, slow_altar_1, david_lair_shrubbed,
          gammafunk_ghost_hydra_chop, amcnicky_mini_corridor_feature
Temple:   regret_index_temple_generic_petals
Lair:1:   statuecave_lemuel, layout_long_grid, ebering_ghost_xom,
          uniq_prince_ribbit2
Lair:2:   layout_regular_city, elwin_shoals_entry_rocks, spider_nest_entry_a,
          infiniplex_staircase_pool, serial_bayou_shore_b, grunt_megastairs_3
Lair:3:   layout_regular_city, portal_ice_cave_entry_pillars_1,
          nicolae_quartered_pool_little, uniq_amaemon, uniq_rupert

Skill      XL: |  1  2  3  4  5  6  7  8  9 10 11 |
---------------+----------------------------------+-----
Fighting       | 2 3 4 5 6 8 10 | 10.0
Short Blades   | 2 3 4 5 6 9 |  9.9
Shields        | 2 4 6 |  6.1
Dodging        | 4 5 |  5.0
Spellcasting   | 4 |  4.0
Invocations    | 5 |  5.0
Armour         | 3 |  3.0
Throwing       | |  1.7
Stealth        | |  4.8

Action                   |  1- 3 |  4- 6 |  7- 9 | 10-12 || total
-------------------------+-------+-------+-------+-------++-------
Melee: Dagger            |    42 |       |       |       ||    42
       Bite              |    14 |    14 |   108 |   128 ||   264
       Short sword       |    36 |    59 |   354 |   364 ||   813
       Punch             |     1 |     2 |       |       ||     3
Throw: Dart              |     5 |     9 |    87 |     4 ||   105
       Throwing net      |       |       |       |     4 ||     4
Invok: Heroism           |       |       |     1 |     4 ||     5
       Finesse           |       |       |       |     2 ||     2
Evoke: Wand              |       |       |     6 |       ||     6
  Use: Scroll            |     1 |       |    21 |       ||    22
       Potion            |       |       |     1 |     1 ||     2
 Stab: Sleeping          |     5 |     5 |    19 |     4 ||    33
Armor: Robe              |    14 |     5 |    41 |    54 ||   114
Dodge: Dodged            |    43 |    24 |   153 |   178 ||   398
Block: Buckler           |       |       |    69 |    65 ||   134
       Kite shield       |       |       |       |    62 ||    62

Table legend: (Time is in decaauts)
 A = Elapsed time spent in this place.
 B = Non-inter-level travel time spent in this place.
 C = Inter-level travel time spent in this place.
 D = Time resting spent in this place.
 E = Time spent auto-exploring this place.
 F = Levels seen in this place.
 G = Mean time per level.
                   A        B        C        D        E       F      G
               +--------+--------+--------+--------+--------+-----+--------+
         Total |  12076 |  11396 |    680 |    638 |   8549 |  15 |  805.1 |
       Dungeon |   9091 |   8482 |    609 |    328 |   6692 |   9 | 1010.1 |
        Temple |    168 |    134 |     34 |      0 |    129 |   1 |  168.0 |
          Lair |   2015 |   1979 |     36 |    310 |   1274 |   3 |  671.7 |
         Sewer |    193 |    193 |      0 |      0 |     87 |   1 |  193.0 |
        Bailey |    607 |    607 |      0 |      0 |    366 |   1 |  607.0 |
               +--------+--------+--------+--------+--------+-----+--------+

Top non-repeatable levels by time:
     D:5: 1189 daAuts
     D:3: 1127 daAuts
     D:1: 1109 daAuts
     D:6: 1064 daAuts
     D:2: 1020 daAuts
  Lair:2: 1014 daAuts
     D:9: 965 daAuts
     D:4: 904 daAuts
  Lair:1: 873 daAuts
     D:7: 863 daAuts
     D:8: 847 daAuts
  Bailey: 607 daAuts
   Sewer: 193 daAuts
  Temple: 168 daAuts
  Lair:3: 127 daAuts
